AoeStats
← Melromarc

Arena

510738690Analyzed
3v3 RM · 1d ago on Oct 2, 2026· 12m 27s· 6 players
Game mode
Random Map
Map size
Normal (6 player)
Population
200
Speed
Normal
Resources
Standard
Victory
Conquest
Starting age
Dark Age
Ending age
Imperial Age
RankedLock teamsTeams togetherTeam positionsShared explorationLock speedFull tech treeHidden civsTurbo modeCheats
Victory
Defeat
🇺🇸 Spanish · United States
1146
+13
🇨🇾 Italians · Cyprus
1126
+14
🇷🇺 Varangians · Russia
1079
+16
🇩🇪 Mapuche · Germany
1163
-17
🇩🇪 Persians · Germany
1091
-15
🇩🇪 Spanish · Germany
990
-32
droger144
11:08 Feudal Age
fuita
0:47 Loom
11:47 Feudal Age
TheAnatolich
11:04 Feudal Age
Melromarc
7:36 Loom
11:14 Feudal Age
DonaldDuck
11:51 Feudal Age
10:41 Loom
Florenzo
11:58 Feudal Age
Connection lost

Rejoining the realm…

Still unreachable

The connection could not be restored.

Session expired

The server has moved on; the page needs a fresh start.